 Dungeon Crawl Stone Soup version 0.29.1-12-g30fa7ad0bf (webtiles) character file.

Game seed: 56128384026963510

1460 Linkola the Conjurer (level 8, -2/42 HPs)
             Began as a Deep Elf Conjurer on Dec 23, 2022.
             Was an Initiate of Vehumet.
             Slain by a hornet (10 damage)
             ... on level 6 of the Dungeon.
             The game lasted 00:20:17 (6319 turns).

Linkola the Conjurer (Deep Elf Conjurer)            Turns: 6319, Time: 00:20:19

Health: -2/42      AC:  6    Str:  2    XL:     8   Next: 48%
Magic:  13/21      EV: 13    Int: 31    God:    Vehumet [......]
Gold:   248        SH:  0    Dex: 16    Spells: 9/22 levels left

rFire   + . .      SeeInvis +   k - +7 sling "Daigut" {venom, rF+ Int+2 SInv}
rCold   . . .      Faith    +   (no shield)
rNeg    . . .      Spirit   .   a - +0 robe
rPois   +          Reflect  .   (no helmet)
rElec   .          Harm     .   (no cloak)
rCorr   .          Rampage  .   l - +2 pair of gloves
Will    .....      Rage     3%  i - +0 pair of boots
Stlth   +++.......              h - amulet of faith
HPRegen 0.14/turn               (no ring)
MPRegen 0.17/turn               (no ring)

@: lethally poisoned (-2 -> -11), slowed, very slow
A: agile 1, berserk 1, clever 1, poison resistance, wild magic 1
a: Renounce Religion


You were on level 6 of the Dungeon.
You worshipped Vehumet.
Vehumet was noncommittal.
You visited 2 branches of the dungeon, and saw 7 of its levels.

You collected 248 gold pieces.

Inventory:

Hand Weapons
 k - the +7 sling "Daigut" (weapon) {venom, rF+ Int+2 SInv}
   (You found it on level 4 of the Dungeon)

   Any ammunition fired from it poisons the flesh of those it strikes.
   Int:       It affects your intelligence (+2).
   rF:        It protects you from fire.
   SInv:      It lets you see invisible.
Armour
 a - a +0 robe (worn)
 i - a +0 pair of boots (worn)
 l - a +2 pair of gloves (worn)
Jewellery
 h - an amulet of faith (around neck)
Scrolls
 d - 2 scrolls of teleportation
Potions
 b - 3 potions of magic
 c - 2 potions of invisibility
 f - a potion of degeneration {unknown}
 g - a potion of resistance
 j - a potion of ambrosia {unknown}
 m - 2 potions of curing


   Skills:
 - Level 0.4 Fighting
 - Level 3.3 Ranged Weapons
 + Level 3.8 Dodging
 + Level 4.5 Stealth
 + Level 7.5 Spellcasting
 + Level 7.8 Conjurations
 * Level 5.1 Hexes
 * Level 2.6 Translocations


You had 9 spell levels left.
You knew the following spells:

 Your Spells              Type           Power      Damage    Failure   Level
a - Magic Dart            Conj           100%       1d8       1%          1
b - Searing Ray           Conj           100%       2d8       1%          2
c - Dazzling Flash        Conj/Hex       100%       N/A       1%          3
d - Fulminant Prism       Conj/Hex       30%        3d16      5%          4
e - Gell's Gravitas       Tloc           36%        N/A       7%          3

Your spell library contained the following spells:

 Spells                   Type           Power      Damage    Failure   Level
 Teleport Other           Tloc           36%        N/A       7%          3
 Iskenderun's Mystic Bla  Conj/Tloc      55%        2d12      8%          4
 Dispersal                Tloc           18%        N/A       95%         6


Dungeon Overview and Level Annotations

Branches:
Dungeon (6/15)             Temple (1/1) D:5

Altars:
Ashenzari
Cheibriados
Dithmenos
Hepliaklqana
Kikubaaqudgha
Makhleb
Okawaru
Ru
Sif Muna
Uskayaw
Vehumet
Wu Jian
Xom
Yredelemnul
The Shining One

Shops:
D:4 [   D:5 :


Innate Abilities, Weirdness & Mutations

You are agile. (Dex +4, Str/Int -1)
You sometimes lose your temper in combat.
Your mind is acute. (Int +4, Str/Dex -1)
Your system is resistant to poisons. (rPois)
Your spells are a little harder to cast, but a little more powerful.


Message History

The magic dart hits the centaur.
The centaur is almost dead.
You kill the centaur!
Vehumet accepts your kill.
You start resting.
Magic restored.
Casting: Magic Dart (safe; 1% risk of failure)
Confirm with . or Enter, or press ? or * to list all spells.
Aiming: Fulminant Prism (dangerous; 5% risk of failure)
Press: ? - help, Dir - move target You conjure a prism of explosive energy!
The hornet buzzes angrily.
A fulminant prism comes into view.
The hornet stings your fulminant prism!
Casting: Fulminant Prism (dangerous; 5% risk of failure)
Confirm with . or Enter, or press ? or * to list all spells.
Aiming: Searing Ray (safe; 1% risk of failure)
Press: ? - help, Shift-Dir - straight line, f - hornet
Aim: a hornet (74% to hit)
The searing ray hits the hornet.
The hornet is lightly wounded. (Press . to maintain the ray.)
The hornet stings you.
You feel yourself slow down. The hornet stings you!
You feel as though you will be slow longer.
The searing ray hits the hornet.
The hornet is lightly wounded.
The hornet stings you! The hornet misses you.
The searing ray hits the hornet.
The hornet is moderately wounded.
The hornet stings you.
* * * LOW HITPOINT WARNING * * *
You are lethally poisoned!
The hornet barely misses you.
The searing ray hits the hornet!
The hornet is heavily wounded.
You finish channelling your searing ray.
* * * LOW HITPOINT WARNING * * *
You feel very sick. The hornet closely misses you. The hornet stings you!
You die...

..........#
.##
###.....###
## # ###...##
.. . #
#..).## .# .
# #.....## .#
.#
.......#..##
y##.#
......####..#
*#..# ......
##.####...#
######
#...@#..#
####.y..#
#.......>##
.........##
##.......+
#.......#
#..?.....
........#.
........#..


You could see a hornet.

Vanquished Creatures
  The ghost of LaMa the Poker, a novice MfGl (D:5)
  Menkaure (D:4)
  3 ogres (D:5)
  2 centaurs
  A phantom (D:5)
  A necrophage (D:6)
  2 scorpions
  A hound (D:5)
  An orc priest (D:5)
  2 jellies
  2 orc wizards (D:3)
  Terence (D:3)
  2 hound skeletons (D:3)
  5 adders
  A shadow imp (D:5)
  2 ufetubi
  An adder skeleton (D:3)
  2 worms (D:2)
  3 dart slugs
  10 orcs
  10 ball pythons
  5 endoplasms
  6 giant cockroaches
  7 goblins
  4 hobgoblins
  3 jackals (D:2)
  5 quokkas
  5 bats
  5 frilled lizards
  A giant cockroach zombie (D:3)
  3 kobolds
  7 rats
105 creatures vanquished.

Vanquished Creatures (others)
  7 fulminant prisms
  3 withered plants
10 creatures vanquished.

Grand Total: 115 creatures vanquished

Notes
Turn   | Place    | Note
-------+----------+-------------------------------------------
     0 | D:1      | Linkola the Deep Elf Conjurer began the quest for the Orb.
     0 | D:1      | Reached XP level 1. HP: 10/10 MP: 6/6
   212 | D:1      | Reached XP level 2. HP: 8/15 MP: 4/8
   215 | D:1      | Learned a level 2 spell: Searing Ray
   602 | D:1      | Reached skill level 5 in Conjurations
   755 | D:1      | Found a faded altar of an unknown god.
  1073 | D:1      | Reached XP level 3. HP: 10/19 MP: 1/9
  1377 | D:2      | Learned a level 3 spell: Dazzling Flash
  1939 | D:2      | Reached XP level 4. HP: 24/24 MP: 7/11
  1944 | D:2      | Learned a level 4 spell: Fulminant Prism
  2445 | D:3      | Noticed Terence
  2451 | D:3      | Killed Terence
  2593 | D:3      | Reached XP level 5. HP: 19/28 MP: 8/13
  3723 | D:4      | Identified the +7 sling "Daigut" {venom, rF+ Int+2 SInv}
  3875 | D:4      | Found Utru's Antique Armour Shop.
  3875 | D:4      | Noticed Menkaure
  3882 | D:4      | Killed Menkaure
  3883 | D:4      | Reached skill level 5 in Spellcasting
  3883 | D:4      | Reached skill level 1 in Hexes
  3883 | D:4      | Reached XP level 6. HP: 4/32 MP: 3/16
  4175 | D:4      | Found a shadowy altar of Dithmenos.
  4280 | D:4      | Gained mutation: You sometimes lose your temper in combat.
                  | [potion of mutation]
  4280 | D:4      | Gained mutation: Your body sometimes deteriorates upon
                  | taking damage. [potion of mutation]
  4280 | D:4      | Gained mutation: Potions are less effective at restoring
                  | your health. [potion of mutation]
  4281 | D:4      | Lost mutation: Potions are less effective at restoring your
                  | health. [potion of mutation]
  4281 | D:4      | Lost mutation: Your body sometimes deteriorates upon taking
                  | damage. [potion of mutation]
  4281 | D:4      | Gained mutation: Your spells are a little harder to cast,
                  | but a little more powerful. [potion of mutation]
  4281 | D:4      | Gained mutation: Your mind is acute. (Int +4, Str/Dex -1)
                  | [potion of mutation]
  4281 | D:4      | Gained mutation: Your system is resistant to poisons.
                  | (rPois) [potion of mutation]
  4281 | D:4      | Gained mutation: You are agile. (Dex +4, Str/Int -1)
                  | [potion of mutation]
  4802 | D:5      | Entered Level 5 of the Dungeon
  4820 | D:5      | Reached skill level 1 in Ranged Weapons
  4836 | D:5      | Reached XP level 7. HP: 34/36 MP: 7/18
  4977 | D:5      | Found Jutagh's Book Shoppe.
  4991 | D:5      | Found a runed translucent door.
  4992 | D:5      | Noticed LaMa's ghost (novice MfGl)
  5294 | D:5      | Found a staircase to the Ecumenical Temple.
  5301 | Temple   | Entered the Ecumenical Temple
  5391 | Temple   | Became a worshipper of Vehumet
  5502 | D:5      | Found an ornate altar of the Wu Jian Council.
  5502 | D:5      | Found an iron altar of Okawaru.
  5754 | D:5      | Learned a level 3 spell: Gell's Gravitas
  5942 | D:5      | Killed LaMa's ghost
  5943 | D:5      | Reached skill level 1 in Translocations
  5943 | D:5      | Reached XP level 8. HP: 40/42 MP: 10/20
  6260 | D:6      | Noticed a hornet
  6265 | D:6      | Reached skill level 5 in Hexes
  6319 | D:6      | Slain by a hornet

Illustrated notes

Levels and vault maps discovered:
D:1:      lightli_arrival_lavapool, layout_basic,
          chequers_ecumenical_altar_simple_redux, minmay_liquid_box
D:2:      layout_basic, kennysheep_pointless_box, minmay_tromino_v2
D:3:      layout_basic, serial_undead, serial_undead_d, serial_undead_f,
          serial_undead_a, serial_undead_b, serial_undead_f, serial_undead_c,
          serial_undead_e, dk_noncrumbling_3, kennysheep_generic_room_11,
          uniq_terence
D:4:      layout_basic, grunt_dithmenos_smoke, serial_shops,
          nicolae_stop_n_shop_2, uniq_menkaure
D:5:      minmay_spotlight, layout_gridville, nicolae_overflow_two_pavilions,
          minmay_temple_entry_enclosed_plants, serial_shops,
          nicolae_stop_n_shop_2, gammafunk_ghost_grave
D:6:      layout_basic
Temple:   minmay_crystal_spiral_temple

Skill      XL: |  1  2  3  4  5  6  7  8 |
---------------+-------------------------+-----
Conjurations   | 5 6 7 |  7.8
Dodging        | 3 |  3.8
Spellcasting   | 4 5 6 7 |  7.5
Stealth        | 3 4 |  4.5
Hexes          | 1 2 4 5 |  5.1
Ranged Weapons | 1 3 |  3.3
Translocations | 1 2 |  2.6
Fighting       | |  0.4

Action                   |  1- 3 |  4- 6 |  7- 9 || total
-------------------------+-------+-------+-------++-------
Melee: Unarmed           |     6 |       |       ||     6
       Spear             |       |     3 |       ||     3
 Fire: Sling             |       |    13 |    10 ||    23
 Cast: Magic Dart        |    71 |    40 |    12 ||   123
       Searing Ray       |     6 |    15 |    10 ||    31
       Fulminant Prism   |       |     1 |     6 ||     7
       Gell's Gravitas   |       |       |     1 ||     1
  Use: Scroll            |     4 |     3 |     3 ||    10
       Potion            |       |     2 |       ||     2
Armor: Robe              |     2 |     4 |     4 ||    10
Dodge: Dodged            |    15 |     7 |    11 ||    33
